AoeStats
← Fs.Black_

Black Forest

504615242Analyzed
4v4 RM · 26d ago on Sep 6, 2026· 53m 48s· 8 players
Game mode
Random Map
Map size
Large (8 player)
Population
200
Speed
Normal
Resources
Standard
Victory
Conquest
Starting age
Dark Age
Ending age
Imperial Age
RankedLock teamsTeams togetherTeam positionsShared explorationLock speedFull tech treeHidden civsTurbo modeCheats
Victory
Defeat
🇮🇳 Muisca · India
1828
+11
🇮🇳 Spanish · India
1758
+14
🇮🇳 Celts · India
1754
+14
🇧🇪 Malay · Belgium
1656
+18
🇧🇷 Khmer · Brazil
1740
-15
🇦🇷 Romans · Argentina
1728
-15
🇨🇦 Ethiopians · Canada
1709
-14
🇹🇷 Gurjaras · Türkiye
1686
-13
[SotC] Klovn
1:17 Loom
10:58 Feudal Age
14:55 Castle Age
13:41 Double-Bit Axe
13:38 Horse Collar
16:17 Bow Saw
17:14 Wheelbarrow
22:28 Heavy Plow
24:13 Hand Cart
23:52 Gold Mining
24:27 Town Watch
26:10 Gold Shaft Mining
30:20 Imperial Age
27:51 Scale Mail Armor
28:02 Forging
28:13 Man-at-Arms
28:54 Squires
28:56 Long Swordsman
30:12 Iron Casting
29:53 Chain Mail Armor
30:30 Capped Ram
32:17 Blast Furnace
31:40 Conscription
30:51 Heavy Scorpion
31:59 Onager
32:23 Siege Ram
32:44 Legionary
34:10 Ballistics
34:54 Chemistry
34:29 Ballistas
34:48 Comitatenses
35:12 Onager
36:00 Stone Mining
36:44 Crop Rotation
38:46 Pikeman
41:17 Husbandry
41:28 Bloodlines
41:09 Elite Centurion
44:43 Halberdier
47:45 Fletching
47:56 Padded Archer Armor
Fs.BlinkAoE
1:36 Loom
10:07 Feudal Age
10:16 Man-at-Arms
13:04 Fletching
20:54 Castle Age
27:20 Imperial Age
26:07 Bodkin Arrow
34:46 Crossbowman
36:47 Chemistry
40:03 Wheelbarrow
39:40 Gold Mining
39:37 Town Watch
40:30 Ballistics
40:46 Arbalester
43:32 Scale Mail Armor
43:46 Bracer
43:58 Padded Archer Armor
44:15 Halberdier
45:18 Chain Mail Armor
45:14 Forging
45:21 Siege Engineers
45:21 Squires
50:18 Plate Mail Armor
Dunperta
9:21 Feudal Age
10:25 Loom
13:17 Castle Age
11:15 Double-Bit Axe
15:02 Bow Saw
16:56 Sanctity
17:34 Redemption
17:31 Horse Collar
25:05 Town Watch
26:29 Atonement
30:25 Wheelbarrow
32:16 Caravan
33:09 Hand Cart
34:01 Fletching
37:10 Imperial Age
37:16 Imperial Age
35:50 Gold Mining
36:11 Heavy Plow
37:58 Gold Shaft Mining
37:31 Scale Mail Armor
37:41 Forging
37:43 Kshatriyas
39:27 Illumination
39:45 Theocracy
39:38 Conscription
39:35 Chain Mail Armor
39:55 Iron Casting
40:01 Coinage
39:10 Elite Chakram Thrower
39:48 Onager
44:22 Chemistry
44:43 Scale Barding Armor
45:31 Plate Mail Armor
47:10 Chain Barding Armor
47:12 Bodkin Arrow
47:57 Bracer
47:57 Padded Archer Armor
48:45 Frontier Guards
48:33 Elite Elephant Archer
49:18 Thumb Ring
49:37 Bloodlines
49:28 Husbandry
48:48 Elite Shrivamsha Rider
51:07 Plate Barding Armor
51:08 Leather Archer Armor
52:16 Heavy Camel Rider
Fs.Black_
1:26 Loom
9:49 Feudal Age
13:21 Castle Age
12:05 Double-Bit Axe
14:38 Bow Saw
21:11 Gold Mining
21:04 Horse Collar
21:39 Stone Mining
27:21 Imperial Age
25:40 Wheelbarrow
29:06 Scale Barding Armor
28:42 Elite Ballista Elephant
29:46 Forging
30:16 Chain Barding Armor
31:45 Iron Casting
30:31 Pikeman
32:27 Plate Barding Armor
32:51 Hand Cart
33:53 Blast Furnace
33:00 Double Crossbow
34:09 Coinage
34:20 Conscription
35:05 Chemistry
35:23 Ballistics
35:04 Fletching
35:36 Husbandry
35:47 Bloodlines
36:32 Bodkin Arrow
36:11 Light Cavalry
37:25 Hussar
38:47 Bracer
38:55 Siege Engineers
39:42 Gold Shaft Mining
46:04 Elite Battle Elephant
46:23 Cavalier
Legion64
9:54 Feudal Age
13:49 Castle Age
11:54 Double-Bit Axe
11:51 Horse Collar
14:44 Bow Saw
15:09 Heavy Plow
18:07 Wheelbarrow
18:30 Heavy Plow
20:35 Hand Cart
22:16 Stone Mining
23:08 Gold Mining
27:19 Imperial Age
25:39 Gold Shaft Mining
27:19 Scale Mail Armor
27:29 Forging
28:41 Chain Mail Armor
27:48 Elite Temple Guard
28:28 Squires
28:35 Onager
29:36 Siege Engineers
29:25 Loom
31:05 Plate Mail Armor
31:48 Siege Onager
34:14 Iron Casting
33:18 Capped Ram
34:32 Conscription
34:21 Fletching
36:40 Coinage
37:11 Hoardings
36:34 Bodkin Arrow
37:48 Bracer
38:55 Masonry
40:42 Banking
46:42 Champi Runner
51:00 Champi Warrior
54:09 Ballistics
54:49 Chemistry
53:51 Herbalism
53:57 Huaracas
AgentP_97
0:39 Loom
9:55 Feudal Age
10:29 Double-Bit Axe
10:25 Horse Collar
19:40 Castle Age
20:48 Bow Saw
26:51 Heavy Plow
29:19 Wheelbarrow
29:43 Stone Mining
29:43 Gold Mining
30:10 Padded Archer Armor
31:07 Hand Cart
35:35 Imperial Age
33:46 Leather Archer Armor
35:20 Caravan
36:45 Ring Archer Armor
35:39 Elite Conquistador
36:41 Conscription
36:59 Husbandry
37:12 Scale Barding Armor
36:53 Cavalier
37:47 Bloodlines
38:40 Chain Barding Armor
38:53 Forging
38:29 Paladin
40:20 Plate Barding Armor
40:58 Iron Casting
42:25 Chemistry
42:01 Masonry
43:51 Bombard Tower
45:07 Fletching
46:20 Blast Furnace
45:49 Ballistics
49:01 Coinage
49:46 Bodkin Arrow
51:07 Bracer
52:11 Architecture
52:39 Supremacy
Malice
5:19 Loom
11:23 Feudal Age
14:56 Castle Age
13:06 Horse Collar
13:59 Double-Bit Axe
17:03 Bow Saw
21:20 Squires
22:55 Redemption
24:14 Forging
24:29 Atonement
25:09 Sanctity
25:34 Wheelbarrow
27:39 Hand Cart
30:34 Imperial Age
27:32 Pikeman
30:09 Iron Casting
30:18 Block Printing
29:51 Halberdier
31:19 Fletching
31:51 Ballistics
32:31 Chemistry
31:39 Town Watch
31:26 Crossbowman
32:08 Bodkin Arrow
32:46 Thumb Ring
33:56 Bracer
34:17 Caravan
34:20 Gold Mining
34:21 Stone Mining
35:13 Padded Archer Armor
34:43 Arbalester
37:04 Gold Shaft Mining
37:56 Blast Furnace
39:44 Siege Engineers
41:30 Leather Archer Armor
41:27 Masonry
40:57 Treadmill Crane
42:08 Devotion
43:26 Bombard Tower
44:26 Coinage
44:36 Conscription
45:06 Ring Archer Armor
44:37 Murder Holes
44:19 Light Cavalry
45:00 Husbandry
45:06 Scale Barding Armor
45:33 Town Patrol
45:35 Heavy Plow
46:11 Elite Battle Elephant
46:26 Man-at-Arms
46:52 Arson
46:53 Cavalier
48:43 Banking
48:36 Guilds
51:24 Long Swordsman
52:06 Forced Levy
Aqua Sama
0:57 Loom
11:34 Feudal Age
15:23 Castle Age
14:41 Double-Bit Axe
16:26 Bow Saw
37:55 Wheelbarrow
37:07 Town Watch
39:10 Hand Cart
39:25 Fortified Wall
42:48 Caravan
42:44 Horse Collar
46:33 Imperial Age
47:03 Coinage
46:41 Onager
47:28 Siege Engineers
48:24 Chemistry
48:02 Siege Onager
48:35 Arson
48:33 Capped Ram
50:04 Heavy Plow
53:27 Capped Ram
Connection lost

Rejoining the realm…

Still unreachable

The connection could not be restored.

Session expired

The server has moved on; the page needs a fresh start.